Vegas Golden Knights vs Edmonton Oilers

Created - Tuesday, August 26, 2025 at 08:21

Goals
1 2 3 T
Vegas Golden Knights 2 2 1 5
Edmonton Oilers 0 0 1 1
Shots
1 2 3 T
Vegas Golden Knights 9 5 13 27
Edmonton Oilers 8 4 5 17

1st period

1. Vegas Golden Knights , Auston Matthews 9 (Mika Zibanejad 12, Shea Theodore 6) at 3:17 (PP)
2. Vegas Golden Knights , Sean Monahan 10 (Tyler Toffoli 12, Jared McCann 10) at 10:51

Penalties :
Evan Bouchard (EDM) for Interference (Minor) at 3:05, Brandon Carlo (EDM) for Slashing (Minor) at 7:33, David Perron (EDM) for Hooking (Minor) at 14:22

2nd period

3. Vegas Golden Knights , Anthony Mantha 5 (Travis Hamonic 6) at 4:09
4. Vegas Golden Knights , Bryan Rust 11 (Sean Monahan 14, Tyler Toffoli 13) at 8:46

Penalties :
David Savard (EDM) for Tripping (Minor) at 9:04, Tanner Jeannot (EDM) for Fighting (Major) at 11:13, Mathieu Olivier (VGK) for Fighting (Major) at 11:13, Reilly Smith (VGK) for Roughing (Double Minor) at 19:17

3rd period

5. Vegas Golden Knights , Jordan Staal 5 (Bryan Rust 8) at 0:06 (SH)
6. Edmonton Oilers , Jake DeBrusk 11 (Boone Jenner 14) at 9:30 (PP)

Penalties :
Luke Hughes (EDM) for Roughing (Minor) at 5:11, Jared McCann (VGK) for Roughing (Minor) at 9:23, Juuse Saros (EDM) for Slashing (Minor) at 12:38 - Jacob Trouba served the penalty, Tanner Jeannot (EDM) for Fighting (Major) at 17:59, Brendan Smith (VGK) for Fighting (Major) at 17:59

Goalie Stats

Mackenzie Blackwood (VGK), 16 saves from 17 shots - (0.941), W, 10-1-1, 60:00 minutes
Juuse Saros (EDM), 22 saves from 27 shots - (0.815), L, 1-7-1, 60:00 minutes

Players Stats for Vegas Golden Knights

Player Name              G  A  P  +/- PIM S  H  SB GA TA FO     MP     PP MP  PK MP  
------------------------------------------------------------------------------------
Andreas Athanasiou       0  0  0   1  0   1  2  0  2  0  5/7    10:02   0:00   1:32 
Anthony Mantha           1  0  1   1  0   3  1  0  0  0  0/0    13:23   5:08   0:00 
Auston Matthews          1  0  1   1  0   1  3  0  1  0  2/2    20:03   5:02   0:33 
Brendan Smith            0  0  0   2  5   0  0  0  0  0  0/0    13:28   0:00   1:46 
Bryan Rust               1  1  2   2  0   5  1  0  0  0  0/0    19:50   5:02   1:25 
Erik Johnson             0  0  0   2  0   1  0  1  0  1  0/0    13:29   0:00   1:46 
Jared McCann             0  1  1   1  2   4  2  0  1  1  0/0    19:05   5:05   0:20 
Jordan Staal             1  0  1   1  0   3  0  0  0  1  6/7    12:16   0:09   1:40 
Mathew Barzal            0  0  0   0  0   0  1  0  0  0  1/1    16:49   4:59   1:10 
Mathieu Olivier          0  0  0   1  5   0  0  0  0  0  0/0     9:18   0:00   1:32 
Mika Zibanejad           0  1  1   1  0   1  2  0  2  0  10/18  18:15   4:53   0:00 
Reilly Smith             0  0  0   0  4   2  3  0  0  0  0/0    10:52   0:00   0:00 
Roman Josi               0  0  0   2  0   2  1  1  0  0  0/0    24:51   5:08   0:36 
Sean Monahan             1  1  2   1  0   1  1  0  0  0  17/25  18:40   5:05   0:00 
Shea Theodore            0  1  1   2  0   0  0  4  0  0  0/0    24:47   4:59   0:37 
Thomas Chabot            0  0  0   0  0   2  0  2  0  1  0/0    16:05   0:00   1:44 
Travis Hamonic           0  1  1   0  0   1  2  2  0  1  0/0    16:04   0:00   1:43 
Tyler Toffoli            0  2  2   1  0   0  1  0  0  0  2/2    18:33   5:05   0:00 

Players Stats for Edmonton Oilers

Player Name              G  A  P  +/- PIM S  H  SB GA TA FO     MP     PP MP  PK MP  
------------------------------------------------------------------------------------
Adrian Kempe             0  0  0   0  0   2  2  1  1  0  2/5    19:28   1:45   4:58 
Boone Jenner             0  1  1  -2  0   2  0  0  0  0  8/20   14:51   1:57   0:00 
Brandon Carlo            0  0  0   0  2   0  5  2  0  0  0/0    24:15   2:22   3:54 
Brett Pesce              0  0  0  -2  0   0  0  3  0  1  0/0    16:36   0:00   2:53 
Brock Boeser             0  0  0   0  0   1  4  2  0  0  1/1    19:41   1:43   4:58 
Corey Perry              0  0  0  -2  0   1  2  1  1  0  0/0     9:06   0:03   0:24 
David Perron             0  0  0   0  2   0  1  0  0  0  0/0    12:08   0:31   0:00 
David Savard             0  0  0  -2  2   0  3  3  0  1  0/0    19:48   1:44   3:57 
Dawson Mercer            0  0  0  -2  0   0  1  1  0  0  0/1    15:28   1:57   0:06 
Drake Caggiula           0  0  0  -2  0   0  1  0  0  0  0/0     8:41   0:07   0:00 
Dylan Holloway           0  0  0   0  0   1  1  0  1  0  0/0    16:22   0:00   4:53 
Evan Bouchard            0  0  0  -2  2   1  0  2  0  1  0/0    21:07   1:44   5:11 
Jacob Trouba             0  0  0   0  0   0  2  3  0  2  0/0    24:38   2:22   3:44 
Jake DeBrusk             1  0  1  -2  0   4  0  0  1  1  2/6    19:44   1:57   4:55 
Luke Hughes              0  0  0  -2  2   0  0  2  0  0  0/0    13:42   0:00   0:35 
Morgan Barron            0  0  0   0  0   4  0  0  0  0  1/9    12:19   0:37   0:00 
Ryan McLeod              0  0  0   0  0   0  0  1  0  0  5/19   14:24   1:41   0:00 
Tanner Jeannot           0  0  0  -2  10  1  1  0  1  0  0/1     7:28   0:00   0:00 

3 Stars

1 - Bryan Rust (VGK)
2 - Sean Monahan (VGK)
3 - Auston Matthews (VGK)

Power Play

Vegas Golden Knights - 1 on 6 Attempt(s) - 16.67%
Edmonton Oilers - 1 on 3 Attempt(s) - 33.33%

Penalty Kill

Vegas Golden Knights - 2 on 3 Attempt(s) - 66.67% - Score 1 goal in Penalty Kill
Edmonton Oilers - 5 on 6 Attempt(s) - 83.33% - Score 0 goal in Penalty Kill

Team Stat

Vegas Golden Knights - Hits : 20 - Faceoff Wins : 43 - Blocked Shots : 10 - Penalty Minutes : 16
Edmonton Oilers - Hits : 23 - Faceoff Wins : 19 - Blocked Shots : 21 - Penalty Minutes : 22

Official

Referees : Ian Walsh and Francois St Laurent
Linesman : Kyle Flemington and Devin Berg

Game Notes

Tanner Jeannot and Mathieu Olivier fight to a draw at 11:13 of 2nd period
Brendan Smith beats up Tanner Jeannot at 17:59 of 3rd period

Finance

Level 1 -- Attendance: 6000 (100.00%) -- Ticket Income $540,000
Level 2 -- Attendance: 4595 (91.90%) -- Ticket Income $229,750
Level 3 -- Attendance: 2967 (98.90%) -- Ticket Income $89,010
Level 4 -- Attendance: 4927 (98.54%) -- Ticket Income $98,540
Luxury Box -- Attendance: 908 (90.80%) -- Ticket Income $172,520
Game was played at the Rexall Place.
Total Attendance: 19397 (96.99%)
Total Ticket Income: $1,129,820
Other Income: $395,437
Total Income: $1,525,257

Vegas Golden Knights

5 vs 5 Forward 
   Center                   Left Wing                Right Wing               Time % Phy DF OF 
 1 Mika Zibanejad           Auston Matthews          Bryan Rust               30     1   2  2  
 2 Sean Monahan             Jared McCann             Tyler Toffoli            30     1   2  2  
 3 Jordan Staal             Mathew Barzal            Reilly Smith             25     1   2  2  
 4 Andreas Athanasiou       Mathieu Olivier          Anthony Mantha           15     1   2  2  

5 vs 5 Defense 
   Defense                  Defense                                           Time % Phy DF OF 
 1 Roman Josi               Shea Theodore                                     30     1   2  2  
 2 Thomas Chabot            Travis Hamonic                                    30     1   2  2  
 3 Brendan Smith            Erik Johnson                                      25     1   2  2  
 4 Roman Josi               Shea Theodore                                     15     1   2  2  

PowerPlay Forward 
   Center                   Left Wing                Right Wing               Time % Phy DF OF 
 1 Mika Zibanejad           Auston Matthews          Bryan Rust               50     1   2  2  
 2 Sean Monahan             Jared McCann             Tyler Toffoli            50     1   2  2  

PowerPlay Defense
   Defense                  Defense                                           Time % Phy DF OF 
 1 Shea Theodore            Mathew Barzal                                     50     1   2  2  
 2 Roman Josi               Anthony Mantha                                    50     1   2  2  

Penalty Kill 4 Players Forward 
   Center                   Wing                     Time % Phy DF OF 
 1 Jordan Staal             Reilly Smith             50     1   2  2  
 2 Andreas Athanasiou       Mathieu Olivier          50     1   2  2  

Penalty Kill 4 Players Defense
   Defense                  Defense                  Time % Phy DF OF 
 1 Thomas Chabot            Travis Hamonic           50     1   2  2  
 2 Brendan Smith            Erik Johnson             50     1   2  2  

Penalty Kill - 3 Players Forward 
   Forward                                           Time % Phy DF OF 
 1 Jordan Staal                                      50     1   2  2  
 2 Andreas Athanasiou                                50     1   2  2  

Penalty Kill - 3 Players Defense
   Defense                  Defense                  Time % Phy DF OF 
 1 Thomas Chabot            Travis Hamonic           50     1   2  2  
 2 Brendan Smith            Erik Johnson             50     1   2  2  

4 vs 4 Forward 
   Center                   Wing                     Time % Phy DF OF 
 1 Mika Zibanejad           Auston Matthews          50     1   2  2  
 2 Sean Monahan             Tyler Toffoli            50     1   2  2  

4 vs 4 Defense
   Defense                  Defense                  Time % Phy DF OF 
 1 Shea Theodore            Roman Josi               50     1   2  2  
 2 Thomas Chabot            Travis Hamonic           50     1   2  2  

Last Minutes Offensive
   Center                   Left Wing                Right Wing               Defense                  Defense                  
   Sean Monahan             Auston Matthews          Bryan Rust               Shea Theodore            Roman Josi               

Last Minutes Defensive
   Center                   Left Wing                Right Wing               Defense                  Defense                  
   Jordan Staal             Mathieu Olivier          Reilly Smith             Thomas Chabot            Travis Hamonic           

Goaltenders
Starting : Mackenzie Blackwood      
Backup : Sergei Bobrovsky         

Extra Forwards
Normal : Sean Monahan, Auston Matthews, Mika Zibanejad - PP : Jordan Staal, Reilly Smith - PK : Bryan Rust
Extra Defensemen
Normal : Thomas Chabot, Shea Theodore, Roman Josi - PP : Thomas Chabot - PK : Shea Theodore, Roman Josi
Penalty Shots
Mika Zibanejad, Sean Monahan, Bryan Rust, Anthony Mantha, Auston Matthews

Scratches
Jack Johnson (Strained Left Elbow Injury), Cole Smith (Healthy)

Edmonton Oilers

5 vs 5 Forward 
   Center                   Left Wing                Right Wing               Time % Phy DF OF 
 1 Ryan McLeod              Adrian Kempe             Brock Boeser             30     1   2  2  
 2 Boone Jenner             Jake DeBrusk             Dawson Mercer            30     1   2  2  
 3 Morgan Barron            Dylan Holloway           David Perron             25     1   2  2  
 4 Tanner Jeannot           Drake Caggiula           Corey Perry              15     1   2  2  

5 vs 5 Defense 
   Defense                  Defense                                           Time % Phy DF OF 
 1 Jacob Trouba             Brandon Carlo                                     30     1   2  2  
 2 David Savard             Evan Bouchard                                     30     1   2  2  
 3 Luke Hughes              Brett Pesce                                       25     1   2  2  
 4 Jacob Trouba             Brandon Carlo                                     15     1   2  2  

PowerPlay Forward 
   Center                   Left Wing                Right Wing               Time % Phy DF OF 
 1 Ryan McLeod              Adrian Kempe             Brock Boeser             50     1   2  2  
 2 Boone Jenner             Jake DeBrusk             Dawson Mercer            50     1   2  2  

PowerPlay Defense
   Defense                  Defense                                           Time % Phy DF OF 
 1 Jacob Trouba             Brandon Carlo                                     50     1   2  2  
 2 David Savard             Evan Bouchard                                     50     1   2  2  

Penalty Kill 4 Players Forward 
   Center                   Wing                     Time % Phy DF OF 
 1 Adrian Kempe             Brock Boeser             50     1   2  2  
 2 Jake DeBrusk             Dylan Holloway           50     1   2  2  

Penalty Kill 4 Players Defense
   Defense                  Defense                  Time % Phy DF OF 
 1 Jacob Trouba             Brandon Carlo            50     1   2  2  
 2 David Savard             Evan Bouchard            50     1   2  2  

Penalty Kill - 3 Players Forward 
   Forward                                           Time % Phy DF OF 
 1 Adrian Kempe                                      50     1   2  2  
 2 Brock Boeser                                      50     1   2  2  

Penalty Kill - 3 Players Defense
   Defense                  Defense                  Time % Phy DF OF 
 1 Luke Hughes              Brandon Carlo            50     1   2  2  
 2 David Savard             Evan Bouchard            50     1   2  2  

4 vs 4 Forward 
   Center                   Wing                     Time % Phy DF OF 
 1 Adrian Kempe             Brock Boeser             50     1   2  2  
 2 Jake DeBrusk             Dylan Holloway           50     1   2  2  

4 vs 4 Defense
   Defense                  Defense                  Time % Phy DF OF 
 1 Brett Pesce              Brandon Carlo            50     1   2  2  
 2 David Savard             Evan Bouchard            50     1   2  2  

Last Minutes Offensive
   Center                   Left Wing                Right Wing               Defense                  Defense                  
   Ryan McLeod              Adrian Kempe             Brock Boeser             Jacob Trouba             Brandon Carlo            

Last Minutes Defensive
   Center                   Left Wing                Right Wing               Defense                  Defense                  
   Ryan McLeod              Adrian Kempe             Brock Boeser             Jacob Trouba             Brandon Carlo            

Goaltenders
Starting : Juuse Saros              
Backup : Jonathan Quick           

Extra Forwards
Normal : Morgan Barron, David Perron, Corey Perry - PP : Morgan Barron, David Perron - PK : Corey Perry
Extra Defensemen
Normal : Luke Hughes, Brett Pesce, David Savard - PP : Luke Hughes - PK : Brett Pesce, David Savard
Penalty Shots
Adrian Kempe, Brock Boeser, Jake DeBrusk, Dylan Holloway, Ryan McLeod

Scratches
Troy Stecher (Healthy), Derek Ryan (Healthy), Jeff Carter (Healthy), Scott Mayfield (Healthy), Karel Vejmelka (Healthy)

% Time on Ice - Vegas Golden Knights

Lines # - Real PCT - Wanted PCT - Time Play
Normal Forward
1 - 29% - 30% - 13:27
2 - 29% - 30% - 13:24
3 - 23% - 25% - 10:26
4 - 19% - 15% - 8:30
Normal Defense
1 - 31% - 30% - 14:24
2 - 33% - 30% - 14:53
3 - 26% - 25% - 11:43
4 - 10% - 15% - 4:47
PP Forward
1 - 50% - 50% - 5:02
2 - 50% - 50% - 5:05
PP Defense
1 - 49% - 50% - 4:59
2 - 51% - 50% - 5:08
PK Forward
1 - 63% - 50% - 2:34
2 - 37% - 50% - 1:32
PK Defense
1 - 57% - 50% - 2:20
2 - 43% - 50% - 1:46
PK3 Forward
1 - 0% - 50%
2 - 0% - 50%
PK3 Defense
1 - 0% - 50%
2 - 0% - 50%
44 Forward
1 - 0% - 50%
2 - 0% - 50%
44 Defense
1 - 0% - 50%
2 - 0% - 50%
Last Minute Offensive  - 0:00
Last Minute Defensive  - 0:00
Total
Forward - 60:00
Defense - 60:00

% Time on Ice - Edmonton Oilers

Lines # - Real PCT - Wanted PCT - Time Play
Normal Forward
1 - 28% - 30% - 12:55
2 - 28% - 30% - 12:52
3 - 25% - 25% - 11:29
4 - 19% - 15% - 8:31
Normal Defense
1 - 30% - 30% - 13:45
2 - 31% - 30% - 14:13
3 - 29% - 25% - 13:07
4 - 10% - 15% - 4:42
PP Forward
1 - 50% - 50% - 2:04
2 - 50% - 50% - 2:02
PP Defense
1 - 58% - 50% - 2:22
2 - 42% - 50% - 1:44
PK Forward
1 - 50% - 50% - 5:04
2 - 50% - 50% - 5:03
PK Defense
1 - 49% - 50% - 4:56
2 - 51% - 50% - 5:11
PK3 Forward
1 - 0% - 50%
2 - 0% - 50%
PK3 Defense
1 - 0% - 50%
2 - 0% - 50%
44 Forward
1 - 0% - 50%
2 - 0% - 50%
44 Defense
1 - 0% - 50%
2 - 0% - 50%
Last Minute Offensive  - 0:00
Last Minute Defensive  - 0:00
Total
Forward - 60:00
Defense - 60:00

Play-by-Play

1st period


0:01 of 1st period - Mika Zibanejad wins face-off versus Ryan McLeod in neutral zone.
0:11 of 1st period - Wrist shot by Ryan McLeod.
0:11 of 1st period - Shot Misses the Net.
0:13 of 1st period - Wrist shot by Ryan McLeod.
0:13 of 1st period - Shot Misses the Net.
0:15 of 1st period - Snap shot by Brandon Carlo.
0:15 of 1st period - Shot Blocked by Roman Josi.
0:17 of 1st period - Snap shot by Brock Boeser.
0:17 of 1st period - Shot Blocked by Shea Theodore.
0:34 of 1st period - Off-side.
0:35 of 1st period - Jordan Staal wins face-off versus Morgan Barron in neutral zone.
1:00 of 1st period - David Savard is hit by Anthony Mantha and loses puck.
1:07 of 1st period - Wrist shot by Anthony Mantha.
1:07 of 1st period - Shot Blocked by David Savard.
1:09 of 1st period - Snap shot by Erik Johnson.
1:09 of 1st period - Stopped by Juuse Saros with a rebound.
1:25 of 1st period - Slapshot by Adrian Kempe.
1:25 of 1st period - Deflect By Brock Boeser.
1:25 of 1st period - Shot Misses the Net.
1:25 of 1st period - Puck is out of play.
1:26 of 1st period - Sean Monahan wins face-off versus Ryan McLeod in Vegas Golden Knights zone.
1:26 of 1st period - Sean Monahan is hit by Brock Boeser.
1:42 of 1st period - Slapshot by Brock Boeser.
1:42 of 1st period - Stopped by Mackenzie Blackwood with a rebound.
1:59 of 1st period - Boone Jenner is hit by Auston Matthews.
2:38 of 1st period - Wrist shot by Tanner Jeannot.
2:38 of 1st period - Shot Blocked by Thomas Chabot.
2:40 of 1st period - Slapshot by Brandon Carlo.
2:40 of 1st period - Shot Blocked by Travis Hamonic.
2:42 of 1st period - Wrist shot by Drake Caggiula.
2:42 of 1st period - Deflect By Tanner Jeannot.
2:42 of 1st period - Shot Misses the Net.
2:42 of 1st period - Puck is out of play.
2:43 of 1st period - Sean Monahan wins face-off versus Dawson Mercer in Vegas Golden Knights zone.
2:43 of 1st period - Sean Monahan is hit by David Savard.
2:59 of 1st period - Snap shot by Sean Monahan.
2:59 of 1st period - Shot Misses the Net.
3:05 of 1st period - Minor Penalty to Evan Bouchard for Interference.
3:06 of 1st period - Adrian Kempe wins face-off versus Mika Zibanejad in Edmonton Oilers zone.
3:17 of 1st period - Wrist shot by Mika Zibanejad.
3:17 of 1st period - Deflect By Auston Matthews.
3:17 of 1st period - Goal by Auston Matthews - Vegas Golden Knights : 1 - Edmonton Oilers : 0.
3:18 of 1st period - Ryan McLeod wins face-off versus Mika Zibanejad in neutral zone.
3:44 of 1st period - Dylan Holloway is hit by Reilly Smith.
4:12 of 1st period - Snap shot by Jared McCann.
4:12 of 1st period - Stopped by Juuse Saros with a rebound.
4:28 of 1st period - Wrist shot by Corey Perry.
4:28 of 1st period - Stopped by Mackenzie Blackwood with a rebound.
4:48 of 1st period - Snap shot by Adrian Kempe.
4:48 of 1st period - Stopped by Mackenzie Blackwood with a rebound.
4:50 of 1st period - Slapshot by Ryan McLeod.
4:50 of 1st period - Shot Blocked by Travis Hamonic.
4:54 of 1st period - Snap shot by Brock Boeser.
4:54 of 1st period - Shot Misses the Net.
5:24 of 1st period - Slapshot by Dawson Mercer.
5:24 of 1st period - Shot Misses the Net.
5:30 of 1st period - Wrist shot by Boone Jenner.
5:30 of 1st period - Stopped by Mackenzie Blackwood without a rebound.
5:31 of 1st period - Mika Zibanejad wins face-off versus Ryan McLeod in Vegas Golden Knights zone.
5:36 of 1st period - Snap shot by Mika Zibanejad.
5:36 of 1st period - Shot Misses the Net.
6:33 of 1st period - Off-side.
6:34 of 1st period - Sean Monahan wins face-off versus Boone Jenner in neutral zone.
6:36 of 1st period - Off-side.
6:37 of 1st period - Sean Monahan wins face-off versus Jake DeBrusk in neutral zone.
7:24 of 1st period - Wrist shot by Reilly Smith.
7:24 of 1st period - Stopped by Juuse Saros without a rebound.
7:25 of 1st period - Andreas Athanasiou wins face-off versus Morgan Barron in Edmonton Oilers zone.
7:26 of 1st period - Slapshot by Anthony Mantha.
7:26 of 1st period - Stopped by Juuse Saros without a rebound.
7:27 of 1st period - Andreas Athanasiou wins face-off versus Boone Jenner in Edmonton Oilers zone.
7:28 of 1st period - Slapshot by Anthony Mantha.
7:28 of 1st period - Stopped by Juuse Saros with a rebound.
7:33 of 1st period - Minor Penalty to Brandon Carlo for Slashing.
7:34 of 1st period - Tyler Toffoli wins face-off versus Adrian Kempe in Edmonton Oilers zone.
9:33 of 1st period - Penalty to Brandon Carlo is over, Brandon Carlo is back on ice.
10:05 of 1st period - Slapshot by Dylan Holloway.
10:05 of 1st period - Shot Misses the Net.
10:07 of 1st period - Slapshot by Dawson Mercer.
10:07 of 1st period - Shot Misses the Net.
10:09 of 1st period - Wrist shot by Boone Jenner.
10:09 of 1st period - Shot Blocked by Thomas Chabot.
10:11 of 1st period - Slapshot by Evan Bouchard.
10:11 of 1st period - Stopped by Mackenzie Blackwood without a rebound.
10:12 of 1st period - Boone Jenner wins face-off versus Andreas Athanasiou in Vegas Golden Knights zone.
10:51 of 1st period - Snap shot by Tyler Toffoli.
10:51 of 1st period - Deflect By Sean Monahan.
10:51 of 1st period - Goal by Sean Monahan - Vegas Golden Knights : 2 - Edmonton Oilers : 0.
10:52 of 1st period - Boone Jenner wins face-off versus Sean Monahan in neutral zone.
11:26 of 1st period - Snap shot by Sean Monahan.
11:26 of 1st period - Shot Misses the Net.
11:28 of 1st period - Slapshot by Travis Hamonic.
11:28 of 1st period - Stopped by Juuse Saros without a rebound.
11:29 of 1st period - Mika Zibanejad wins face-off versus Ryan McLeod in Edmonton Oilers zone.
11:32 of 1st period - Slapshot by Mika Zibanejad.
11:32 of 1st period - Shot Misses the Net.
12:01 of 1st period - Slapshot by Mathew Barzal.
12:01 of 1st period - Shot Blocked by Jacob Trouba.
12:03 of 1st period - Wrist shot by Jordan Staal.
12:03 of 1st period - Shot Misses the Net.
12:05 of 1st period - Slapshot by Roman Josi.
12:05 of 1st period - Shot Blocked by Dawson Mercer.
12:23 of 1st period - Snap shot by Anthony Mantha.
12:23 of 1st period - Shot Misses the Net.
12:25 of 1st period - Snap shot by Erik Johnson.
12:25 of 1st period - Shot Misses the Net.
12:59 of 1st period - Thomas Chabot is hit by Adrian Kempe and loses puck.
13:06 of 1st period - Brock Boeser is hit by Auston Matthews.
13:35 of 1st period - Icing by David Perron.
13:36 of 1st period - Sean Monahan wins face-off versus Morgan Barron in Edmonton Oilers zone.
13:49 of 1st period - Snap shot by David Perron.
13:49 of 1st period - Shot Misses the Net.
13:58 of 1st period - Icing by Dylan Holloway.
13:59 of 1st period - Mika Zibanejad wins face-off versus Morgan Barron in Edmonton Oilers zone.
14:04 of 1st period - Snap shot by Auston Matthews.
14:04 of 1st period - Shot Misses the Net.
14:06 of 1st period - Snap shot by Mika Zibanejad.
14:06 of 1st period - Shot Blocked by Brett Pesce.
14:16 of 1st period - Wrist shot by Mika Zibanejad.
14:16 of 1st period - Shot Blocked by Brett Pesce.
14:22 of 1st period - Minor Penalty to David Perron for Hooking.
14:23 of 1st period - Brock Boeser wins face-off versus Sean Monahan in Edmonton Oilers zone.
14:23 of 1st period - Brock Boeser is hit by Roman Josi.
14:56 of 1st period - Snap shot by Adrian Kempe.
14:56 of 1st period - Stopped by Mackenzie Blackwood without a rebound.
14:57 of 1st period - Sean Monahan wins face-off versus Adrian Kempe in Vegas Golden Knights zone.
15:36 of 1st period - Jake DeBrusk is hit by Mika Zibanejad and loses puck.
16:22 of 1st period - Penalty to David Perron is over, David Perron is back on ice.
17:37 of 1st period - Mathieu Olivier is hit by Brock Boeser and loses puck.
18:59 of 1st period - Off-side.
19:00 of 1st period - Andreas Athanasiou wins face-off versus Morgan Barron in neutral zone.
19:05 of 1st period - Snap shot by Andreas Athanasiou.
19:05 of 1st period - Stopped by Juuse Saros without a rebound.
19:06 of 1st period - Morgan Barron wins face-off versus Sean Monahan in Edmonton Oilers zone.
19:15 of 1st period - Backhand shot by Morgan Barron.
19:15 of 1st period - Stopped by Mackenzie Blackwood with a rebound.
19:23 of 1st period - Wrist shot by Dylan Holloway.
19:23 of 1st period - Stopped by Mackenzie Blackwood without a rebound.
19:24 of 1st period - Mika Zibanejad wins face-off versus Ryan McLeod in Vegas Golden Knights zone.
19:31 of 1st period - Snap shot by Auston Matthews.
19:31 of 1st period - Shot Misses the Net.
Goals for this period are 2 for Vegas Golden Knights vs 0 for Edmonton Oilers.
Shots for this period are 9 for Vegas Golden Knights vs 8 for Edmonton Oilers.

2nd period


0:01 of 2nd period - Sean Monahan wins face-off versus Ryan McLeod in neutral zone.
0:01 of 2nd period - Sean Monahan is hit by Brandon Carlo.
0:05 of 2nd period - Wrist shot by Jared McCann.
0:05 of 2nd period - Shot Misses the Net.
0:11 of 2nd period - Jacob Trouba is hit by Jared McCann and loses puck.
0:59 of 2nd period - Wrist shot by Morgan Barron.
0:59 of 2nd period - Stopped by Mackenzie Blackwood without a rebound.
1:00 of 2nd period - Adrian Kempe wins face-off versus Sean Monahan in Vegas Golden Knights zone.
1:01 of 2nd period - Snap shot by Brock Boeser.
1:01 of 2nd period - Shot Blocked by Shea Theodore.
2:16 of 2nd period - Anthony Mantha is hit by Tanner Jeannot and loses puck.
2:31 of 2nd period - Sean Monahan is hit by Adrian Kempe and loses puck.
2:56 of 2nd period - Mika Zibanejad is hit by Jacob Trouba and loses puck.
3:03 of 2nd period - Boone Jenner is hit by Travis Hamonic and loses puck.
3:20 of 2nd period - Slapshot by Jake DeBrusk.
3:20 of 2nd period - Stopped by Mackenzie Blackwood without a rebound.
3:21 of 2nd period - Sean Monahan wins face-off versus Morgan Barron in Vegas Golden Knights zone.
3:51 of 2nd period - Snap shot by Auston Matthews.
3:51 of 2nd period - Shot Blocked by Brett Pesce.
3:53 of 2nd period - Slapshot by Thomas Chabot.
3:53 of 2nd period - Shot Misses the Net.
4:09 of 2nd period - Wrist shot by Anthony Mantha.
4:09 of 2nd period - Goal by Anthony Mantha - Vegas Golden Knights : 3 - Edmonton Oilers : 0.
4:10 of 2nd period - Jordan Staal wins face-off versus Ryan McLeod in neutral zone.
4:22 of 2nd period - Slapshot by Reilly Smith.
4:22 of 2nd period - Stopped by Juuse Saros without a rebound.
4:23 of 2nd period - Ryan McLeod wins face-off versus Sean Monahan in Edmonton Oilers zone.
4:23 of 2nd period - Ryan McLeod is hit by Jared McCann.
4:35 of 2nd period - Wrist shot by Brock Boeser.
4:35 of 2nd period - Shot Misses the Net.
6:58 of 2nd period - Mathieu Olivier is hit by David Savard and loses puck.
7:05 of 2nd period - Snap shot by Morgan Barron.
7:05 of 2nd period - Stopped by Mackenzie Blackwood without a rebound.
7:06 of 2nd period - Sean Monahan wins face-off versus Adrian Kempe in Vegas Golden Knights zone.
7:13 of 2nd period - Snap shot by Jared McCann.
7:13 of 2nd period - Stopped by Juuse Saros with a rebound.
7:22 of 2nd period - Icing by Roman Josi.
7:23 of 2nd period - Sean Monahan wins face-off versus Boone Jenner in Vegas Golden Knights zone.
7:29 of 2nd period - Icing by Tyler Toffoli.
7:30 of 2nd period - Sean Monahan wins face-off versus Boone Jenner in Vegas Golden Knights zone.
7:34 of 2nd period - Icing by Roman Josi.
7:35 of 2nd period - Sean Monahan wins face-off versus Ryan McLeod in Vegas Golden Knights zone.
7:35 of 2nd period - Sean Monahan is hit by Brandon Carlo.
8:46 of 2nd period - Wrist shot by Bryan Rust.
8:46 of 2nd period - Goal by Bryan Rust - Vegas Golden Knights : 4 - Edmonton Oilers : 0.
8:47 of 2nd period - Ryan McLeod wins face-off versus Mika Zibanejad in neutral zone.
8:57 of 2nd period - Wrist shot by Mika Zibanejad.
8:57 of 2nd period - Shot Blocked by Evan Bouchard.
9:04 of 2nd period - Minor Penalty to David Savard for Tripping.
9:05 of 2nd period - Sean Monahan wins face-off versus Jake DeBrusk in Edmonton Oilers zone.
9:21 of 2nd period - Wrist shot by Jared McCann.
9:21 of 2nd period - Shot Misses the Net.
11:04 of 2nd period - Penalty to David Savard is over, David Savard is back on ice.
11:13 of 2nd period - Tanner Jeannot and Mathieu Olivier fight to a draw.
11:13 of 2nd period - Penalty to Tanner Jeannot for Fighting.
11:13 of 2nd period - Penalty to Mathieu Olivier for Fighting.
11:14 of 2nd period - Mika Zibanejad wins face-off versus Boone Jenner in Edmonton Oilers zone.
11:15 of 2nd period - Snap shot by Bryan Rust.
11:15 of 2nd period - Stopped by Juuse Saros with a rebound.
12:08 of 2nd period - Wrist shot by Morgan Barron.
12:08 of 2nd period - Stopped by Mackenzie Blackwood without a rebound.
12:09 of 2nd period - Boone Jenner wins face-off versus Mika Zibanejad in Vegas Golden Knights zone.
12:34 of 2nd period - Bryan Rust is hit by David Perron and loses puck.
12:42 of 2nd period - Icing by David Perron.
12:43 of 2nd period - Mathew Barzal wins face-off versus Morgan Barron in Edmonton Oilers zone.
13:43 of 2nd period - Dylan Holloway is hit by Reilly Smith.
13:55 of 2nd period - Wrist shot by Morgan Barron.
13:55 of 2nd period - Shot Misses the Net.
13:57 of 2nd period - Snap shot by David Perron.
13:57 of 2nd period - Shot Blocked by Shea Theodore.
14:07 of 2nd period - Wrist shot by David Perron.
14:07 of 2nd period - Shot Misses the Net.
14:09 of 2nd period - Slapshot by David Savard.
14:09 of 2nd period - Deflect By Morgan Barron.
14:09 of 2nd period - Shot Blocked by Shea Theodore.
14:09 of 2nd period - Puck is out of play.
14:10 of 2nd period - Mika Zibanejad wins face-off versus Ryan McLeod in Vegas Golden Knights zone.
14:48 of 2nd period - Jared McCann is hit by Jacob Trouba and loses puck.
16:13 of 2nd period - Brandon Carlo is hit by Tyler Toffoli.
16:59 of 2nd period - David Perron is hit by Mathew Barzal and loses puck.
17:19 of 2nd period - Erik Johnson is hit by Brandon Carlo and loses puck.
18:04 of 2nd period - Ryan McLeod is hit by Mika Zibanejad and loses puck.
18:11 of 2nd period - Wrist shot by Mika Zibanejad.
18:11 of 2nd period - Shot Blocked by Brandon Carlo.
18:20 of 2nd period - Icing by Auston Matthews.
18:21 of 2nd period - Boone Jenner wins face-off versus Mika Zibanejad in Vegas Golden Knights zone.
19:06 of 2nd period - Backhand shot by Mika Zibanejad.
19:06 of 2nd period - Shot Blocked by Corey Perry.
19:08 of 2nd period - Slapshot by Roman Josi.
19:08 of 2nd period - Shot Blocked by Luke Hughes.
19:10 of 2nd period - Snap shot by Mika Zibanejad.
19:10 of 2nd period - Deflect By Auston Matthews.
19:10 of 2nd period - Shot Blocked by Luke Hughes.
19:10 of 2nd period - Puck is out of play.
19:11 of 2nd period - Boone Jenner wins face-off versus Jordan Staal in Edmonton Oilers zone.
19:17 of 2nd period - Double Minor Penalty to Reilly Smith for Roughing.
19:18 of 2nd period - Jordan Staal wins face-off versus Ryan McLeod in Vegas Golden Knights zone.
19:36 of 2nd period - Slapshot by Jordan Staal.
19:36 of 2nd period - Shot Misses the Net.
19:38 of 2nd period - Slapshot by Thomas Chabot.
19:38 of 2nd period - Shot Blocked by Jacob Trouba.
19:40 of 2nd period - Snap shot by Bryan Rust.
19:40 of 2nd period - Shot Misses the Net.
19:50 of 2nd period - Jacob Trouba is hit by Andreas Athanasiou.
19:54 of 2nd period - Mathieu Olivier is hit by Dawson Mercer and loses puck.
Goals for this period are 2 for Vegas Golden Knights vs 0 for Edmonton Oilers.
Shots for this period are 5 for Vegas Golden Knights vs 4 for Edmonton Oilers.

3rd period


0:01 of 3rd period - Jordan Staal wins face-off versus Boone Jenner in neutral zone.
0:06 of 3rd period - Snap shot by Jordan Staal.
0:06 of 3rd period - Goal by Jordan Staal - Vegas Golden Knights : 5 - Edmonton Oilers : 0.
0:07 of 3rd period - Jordan Staal wins face-off versus Boone Jenner in neutral zone.
0:14 of 3rd period - Snap shot by Thomas Chabot.
0:14 of 3rd period - Stopped by Juuse Saros with a rebound.
0:32 of 3rd period - David Savard is hit by Andreas Athanasiou and loses puck.
0:37 of 3rd period - Wrist shot by Andreas Athanasiou.
0:37 of 3rd period - Shot Misses the Net.
0:53 of 3rd period - Snap shot by Jake DeBrusk.
0:53 of 3rd period - Stopped by Mackenzie Blackwood with a rebound.
1:05 of 3rd period - Andreas Athanasiou is hit by Brock Boeser and loses puck.
2:38 of 3rd period - Brandon Carlo is hit by Travis Hamonic and loses puck.
3:13 of 3rd period - Mathew Barzal is hit by David Savard and loses puck.
3:17 of 3rd period - Penalty to Reilly Smith is over, Reilly Smith is back on ice.
3:37 of 3rd period - Drake Caggiula is hit by Sean Monahan and loses puck.
4:02 of 3rd period - Travis Hamonic is hit by Brock Boeser.
5:11 of 3rd period - Minor Penalty to Luke Hughes for Roughing.
5:12 of 3rd period - Jake DeBrusk wins face-off versus Mika Zibanejad in Edmonton Oilers zone.
5:12 of 3rd period - Jake DeBrusk is hit by Bryan Rust.
5:24 of 3rd period - Jake DeBrusk is hit by Auston Matthews and loses puck.
7:04 of 3rd period - Shea Theodore is hit by Corey Perry and loses puck.
7:11 of 3rd period - Penalty to Luke Hughes is over, Luke Hughes is back on ice.
7:17 of 3rd period - Reilly Smith is hit by Corey Perry.
7:31 of 3rd period - Wrist shot by Morgan Barron.
7:31 of 3rd period - Shot Misses the Net.
8:16 of 3rd period - Icing by Dylan Holloway.
8:17 of 3rd period - Andreas Athanasiou wins face-off versus Morgan Barron in Edmonton Oilers zone.
8:18 of 3rd period - Wrist shot by Anthony Mantha.
8:18 of 3rd period - Shot Blocked by Brandon Carlo.
8:58 of 3rd period - Snap shot by Tanner Jeannot.
8:58 of 3rd period - Stopped by Mackenzie Blackwood without a rebound.
8:59 of 3rd period - Mika Zibanejad wins face-off versus Boone Jenner in Vegas Golden Knights zone.
9:14 of 3rd period - Wrist shot by Boone Jenner.
9:14 of 3rd period - Stopped by Mackenzie Blackwood without a rebound.
9:15 of 3rd period - Ryan McLeod wins face-off versus Sean Monahan in Vegas Golden Knights zone.
9:23 of 3rd period - Minor Penalty to Jared McCann for Roughing.
9:24 of 3rd period - Boone Jenner wins face-off versus Andreas Athanasiou in Vegas Golden Knights zone.
9:28 of 3rd period - Snap shot by Boone Jenner.
9:28 of 3rd period - Shot Blocked by Erik Johnson.
9:30 of 3rd period - Snap shot by Jake DeBrusk.
9:30 of 3rd period - Goal by Jake DeBrusk - Vegas Golden Knights : 5 - Edmonton Oilers : 1.
9:31 of 3rd period - Boone Jenner wins face-off versus Sean Monahan in neutral zone.
10:24 of 3rd period - Slapshot by Dylan Holloway.
10:24 of 3rd period - Deflect By David Perron.
10:24 of 3rd period - Shot Misses the Net.
10:24 of 3rd period - Puck is out of play.
10:25 of 3rd period - Andreas Athanasiou wins face-off versus Boone Jenner in Vegas Golden Knights zone.
10:48 of 3rd period - Snap shot by Anthony Mantha.
10:48 of 3rd period - Shot Blocked by Brock Boeser.
10:50 of 3rd period - Backhand shot by Thomas Chabot.
10:50 of 3rd period - Stopped by Juuse Saros without a rebound.
10:51 of 3rd period - Sean Monahan wins face-off versus Ryan McLeod in Edmonton Oilers zone.
11:16 of 3rd period - Bryan Rust is hit by Brandon Carlo.
11:36 of 3rd period - Dylan Holloway is hit by Reilly Smith and loses puck.
11:41 of 3rd period - Snap shot by Jordan Staal.
11:41 of 3rd period - Shot Misses the Net.
11:43 of 3rd period - Slapshot by Roman Josi.
11:43 of 3rd period - Stopped by Juuse Saros with a rebound.
11:45 of 3rd period - Wrist shot by Jordan Staal.
11:45 of 3rd period - Stopped by Juuse Saros without a rebound.
11:46 of 3rd period - Tyler Toffoli wins face-off versus Ryan McLeod in Edmonton Oilers zone.
11:51 of 3rd period - Snap shot by Jared McCann.
11:51 of 3rd period - Shot Misses the Net.
11:55 of 3rd period - Slapshot by Jared McCann.
11:55 of 3rd period - Deflect By Tyler Toffoli.
11:55 of 3rd period - Shot Blocked by Ryan McLeod.
11:55 of 3rd period - Puck is out of play.
11:56 of 3rd period - Ryan McLeod wins face-off versus Sean Monahan in Edmonton Oilers zone.
12:03 of 3rd period - Wrist shot by Jared McCann.
12:03 of 3rd period - Shot Blocked by Evan Bouchard.
12:05 of 3rd period - Slapshot by Shea Theodore.
12:05 of 3rd period - Shot Blocked by Adrian Kempe.
12:07 of 3rd period - Slapshot by Roman Josi.
12:07 of 3rd period - Shot Blocked by David Savard.
12:09 of 3rd period - Wrist shot by Jared McCann.
12:09 of 3rd period - Shot Misses the Net.
12:11 of 3rd period - Slapshot by Jared McCann.
12:11 of 3rd period - Shot Misses the Net.
12:13 of 3rd period - Wrist shot by Tyler Toffoli.
12:13 of 3rd period - Shot Blocked by Brock Boeser.
12:21 of 3rd period - Slapshot by Sean Monahan.
12:21 of 3rd period - Shot Blocked by David Savard.
12:23 of 3rd period - Snap shot by Jared McCann.
12:23 of 3rd period - Stopped by Juuse Saros with a rebound.
12:25 of 3rd period - Slapshot by Roman Josi.
12:25 of 3rd period - Stopped by Juuse Saros without a rebound.
12:26 of 3rd period - Auston Matthews wins face-off versus Boone Jenner in Edmonton Oilers zone.
12:32 of 3rd period - Snap shot by Bryan Rust.
12:32 of 3rd period - Stopped by Juuse Saros with a rebound.
12:34 of 3rd period - Slapshot by Auston Matthews.
12:34 of 3rd period - Deflect By Mika Zibanejad.
12:34 of 3rd period - Shot Misses the Net.
12:34 of 3rd period - Puck is out of play.
12:35 of 3rd period - Mika Zibanejad wins face-off versus Jake DeBrusk in Edmonton Oilers zone.
12:38 of 3rd period - Snap shot by Bryan Rust.
12:38 of 3rd period - Stopped by Juuse Saros without a rebound.
12:38 of 3rd period - Minor Penalty to Juuse Saros for Slashing.
12:39 of 3rd period - Jake DeBrusk wins face-off versus Mika Zibanejad in Edmonton Oilers zone.
14:38 of 3rd period - Penalty to Jacob Trouba is over, Jacob Trouba is back on ice.
17:03 of 3rd period - Mathieu Olivier is hit by Drake Caggiula and loses puck.
17:48 of 3rd period - Brendan Smith is hit by Dylan Holloway and loses puck.
17:56 of 3rd period - Icing by Mathew Barzal.
17:57 of 3rd period - Sean Monahan wins face-off versus Tanner Jeannot in Vegas Golden Knights zone.
17:59 of 3rd period - Brendan Smith beats up Tanner Jeannot.
17:59 of 3rd period - Penalty to Tanner Jeannot for Fighting.
17:59 of 3rd period - Penalty to Brendan Smith for Fighting.
18:00 of 3rd period - Mika Zibanejad wins face-off versus Jake DeBrusk in Vegas Golden Knights zone.
18:11 of 3rd period - Snap shot by Mika Zibanejad.
18:11 of 3rd period - Stopped by Juuse Saros without a rebound.
18:12 of 3rd period - Boone Jenner wins face-off versus Mika Zibanejad in Edmonton Oilers zone.
18:17 of 3rd period - Snap shot by Jake DeBrusk.
18:17 of 3rd period - Stopped by Mackenzie Blackwood without a rebound.
18:18 of 3rd period - Auston Matthews wins face-off versus Boone Jenner in Vegas Golden Knights zone.
18:18 of 3rd period - Auston Matthews is hit by Brandon Carlo.
18:30 of 3rd period - Snap shot by Bryan Rust.
18:30 of 3rd period - Stopped by Juuse Saros without a rebound.
18:31 of 3rd period - Sean Monahan wins face-off versus Ryan McLeod in Edmonton Oilers zone.
18:36 of 3rd period - Wrist shot by Jared McCann.
18:36 of 3rd period - Stopped by Juuse Saros without a rebound.
18:37 of 3rd period - Sean Monahan wins face-off versus Ryan McLeod in Edmonton Oilers zone.
18:42 of 3rd period - Snap shot by Jared McCann.
18:42 of 3rd period - Deflect By Sean Monahan.
18:42 of 3rd period - Shot Blocked by Jacob Trouba.
18:42 of 3rd period - Puck is out of play.
18:43 of 3rd period - Jordan Staal wins face-off versus Boone Jenner in Edmonton Oilers zone.
18:46 of 3rd period - Snap shot by Jordan Staal.
18:46 of 3rd period - Stopped by Juuse Saros with a rebound.
Goals for this period are 1 for Vegas Golden Knights vs 1 for Edmonton Oilers.
Shots for this period are 13 for Vegas Golden Knights vs 5 for Edmonton Oilers.